 Dungeon Crawl Stone Soup version 0.31.0-11-ge490571c62 (webtiles) character file.

Game seed: 5828666692366132134

193 Zeor the Slasher (level 5, -2/63 HPs)
             Began as a Merfolk Gladiator on Feb 1, 2024.
             Slain by an orc
             ... wielding a +0 club
              (5 damage)
             ... on level 4 of the Dungeon.
             The game lasted 00:07:13 (2208 turns).

Zeor the Slasher (Merfolk Gladiator)                Turns: 2208, Time: 00:07:13

Health: -2/63      AC:  5    Str: 14    XL:     5   Next: 72%
Magic:  5/5        EV: 14    Int:  8    God:
Gold:   91         SH:  0    Dex: 17    Spells: 4/4 levels left

rFire   . . .        a - +0 long sword
rCold   . . .        (no shield)
rNeg    . . .        b - +0 leather armour
rPois   +            c - +1 helmet
rElec   .            (no cloak)
rCorr   .            (no gloves)
SInv    .            (no boots)
Will    .....        (no amulet) Stlth
                     n - ring of poison resistance
HPRegen 0.30/turn    (no ring)
MPRegen 0.09/turn

%: no passive effects
@: mighty, berserking (expiring), very quick
A: (nimble swimmer 2), mertail
a: no special abilities


You were on level 4 of the Dungeon.
You visited 1 branch of the dungeon, and saw 4 of its levels.

You collected 91 gold pieces.

Inventory:

Hand Weapons
 a - a +0 long sword (weapon)
 i - the +1 hand axe "Kumoanic" {holy, rElec}
   (You found it on level 3 of the Dungeon)

   rElec:     It insulates you from electricity.
Missiles
 d - 3 throwing nets (quivered)
 e - a javelin
Armour
 b - a +0 leather armour (worn)
 c - a +1 helmet (worn)
Magical Staves
 m - a staff of conjuration
Jewellery
 k - an amulet of magic regeneration
 n - a ring of poison resistance (left hand)
Scrolls
 l - a scroll of revelation
 p - a scroll of enchant armour
Potions
 h - a potion of curing
 j - a potion of heal wounds {unknown}
 o - 2 potions of ambrosia {unknown}


   Skills:
 * Level 3.6 Fighting
 + Level 5.7 Long Blades
 + Level 2.0 Throwing
 + Level 1.0 Armour
 + Level 4.8 Dodging
 + Level 0.5 Stealth


You had 4 spell levels left.
You didn't know any spells.
Your spell library was empty.

Dungeon Overview and Level Annotations

Branches:
Dungeon (4/15)
 Temple: D:4-7

Altars:


Innate Abilities, Weirdness & Mutations

((You are very nimble when in or above water. (Stealth+, EV+, Speed+++)))
Your lower body shifts to a powerful aquatic tail in water.


Message History

You hit the orc priest.
You kill the orc priest!
You hear some strange, mumbled words.
You are confused.
The orc barely misses you. The orc hits you but does no damage.
The orc hits you with a +0 flail.
* * * LOW HITPOINT WARNING * * *
The orc barely misses you.
You feel better. Something hits you but does no damage.
The orc hits you with a +0 hand axe. The orc barely misses you.
The orc closely misses you. The orc hits you but does no damage.
The orc completely misses you.
A red film seems to cover your vision as you go berserk!
You feel yourself moving faster!
You feel mighty! Something hits you.
* * * LOW HITPOINT WARNING * * *
The orc hits you with a +0 hand axe.
* * * LOW HITPOINT WARNING * * *
The orc closely misses you. x2; The orc misses you.
The orc barely misses you.
Unknown command.
You miss something. Something barely misses you.
You closely miss something. The orc hits you with a +0 club.
* * * LOW HITPOINT WARNING * * *
The orc hits you with a +0 hand axe.
* * * LOW HITPOINT WARNING * * *
The orc hits you but does no damage. The orc completely misses you.
The orc barely misses you. The quokka closely misses you.
Unknown command.
You miss something. Something hits you but does no damage. The orc misses you.
The orc hits you with a +0 hand axe.
* * * LOW HITPOINT WARNING * * *
The orc misses you. The orc barely misses you. x2
The quokka closely misses you.
You closely miss something.
A jackal comes into view.
Something hits you but does no damage.
Unknown command.
You miss something.
The jackal barks!
You hear a bark!
The orc hits you with a +0 club.
You die... ∙∙∙∙∙∙∙∙∙∙∙∙∙∙∙∙∙∙∙∙∙>∙∙ ∙∙∙∙∙∙∙∙∙∙∙∙∙∙∙∙∙∙∙∙∙∙∙∙

∙∙∙∙∙∙∙∙∙∙∙∙∙∙∙∙∙∙∙∙∙∙∙▒
∙∙∙∙∙∙▒∙∙∙∙∙∙∙∙▒∙∙∙∙∙∙▒▒
▒∙∙∙∙∙∙∙∙▒∙∙∙∙∙∙∙∙∙∙∙∙▒∙
▒∙∙▒∙∙o∙▒▒▒∙▒▒∙∙∙∙∙∙∙∙∙∙
▒∙▒▒∙oo∙∙∙∙∙▒▒▒∙∙∙∙∙∙∙∙∙
∙∙∙∙∙O)oo∙∙∙▒▒▒∙∙†∙∙∙∙∙∙


∙∙∙∙∙gomo∙∙∙∙∙∙∙∙∙∙∙∙∙∙▒ ∙∙∙∙∙∙r∙∙∙∙▒∙▒▒▒<∙∙∙∙∙∙∙ ∙∙∙∙▒∙∙∙∙∙∙▒ ▒∙∙∙∙∙∙∙∙∙∙
∙∙∙∙▒∙∙∙∙∙∙∙∙▒∙∙▒▒∙∙∙∙∙▒ ∙∙∙ ∙∙∙∙▒▒∙∙∙∙∙∙ ▒▒▒▒∙▒▒ ▒∙ ∙∙∙∙∙∙ ∙∙∙∙∙∙ ▒▒
∙∙∙∙▒∙∙∙∙∙▒▒▒▒ ∙h∙∙▒▒∙∙∙∙∙∙ ∙∙ You could see an ogre, an orc wizard, 6 orcs, a
quokka, a jackal and a goblin.

Vanquished Creatures
  2 orc priests (D:4)
  Robin (D:3)
  3 gnolls (D:3)
  An adder (D:2)
  3 dart slugs (D:2)
  3 ribbon worms
  5 bats
  4 endoplasms
  5 giant cockroaches
  13 goblins
  4 hobgoblins
  4 jackals (D:1)
  8 kobolds
  2 quokkas (D:1)
  7 ball pythons
  3 frilled lizards
  2 rats
70 creatures vanquished.

Notes
Turn   | Place    | Note
-------+----------+-------------------------------------------
     0 | D:1      | Zeor the Merfolk Gladiator began the quest for the Orb.
     0 | D:1      | Reached XP level 1. HP: 16/16 MP: 1/1
   165 | D:1      | Found a faded altar of an unknown god.
   168 | D:1      | Reached skill level 4 in Long Blades
   168 | D:1      | Reached XP level 2. HP: 22/22 MP: 2/2
   572 | D:1      | Reached XP level 3. HP: 25/28 MP: 3/3
  1229 | D:2      | Reached XP level 4. HP: 35/35 MP: 4/4
  1577 | D:3      | Identified the +1 hand axe "Kumoanic" {holy, rElec}
  1805 | D:3      | Noticed Robin
  1826 | D:3      | Reached skill level 5 in Long Blades
  1837 | D:3      | Killed Robin
  1838 | D:3      | Reached XP level 5. HP: 41/41 MP: 5/5
  2199 | D:4      | Reached skill level 1 in Armour
  2199 | D:4      | Noticed an ogre
  2206 | D:4      | HP: 2/63 [orc/+0 hand axe (5)]
  2208 | D:4      | Slain by an orc

Illustrated notes

Levels and vault maps discovered:
D:1:      giann_forest_graveyard, layout_basic,
          hellmonk_ecumenical_altar_arch_garden
D:2:      layout_loops_ring
D:3:      wander_river, layout_loops_cross, minivault_24, uniq_robin
D:4:      layout_cave_pools, mainiacjoe_overflow_brackets,
          mainiacjoe_overflow_paths, fedhas_altar_decomposition,
          minmay_ruined_shrine, uniq_ijyb

Skill      XL: |  1  2  3  4  5 |
---------------+----------------+-----
Long Blades    | 4 5 |  5.7
Fighting       | 3 |  3.6
Armour         | 1 |  1.0
Throwing       | |  2.0
Dodging        | |  4.8
Stealth        | |  0.5

Action                     |  1- 3 |  4- 6 || total
---------------------------+-------+-------++-------
  Melee: Long sword        |   109 |    91 ||   200
         Punch             |     1 |       ||     1
    Use: Scroll            |       |     8 ||     8
         Potion            |       |     3 ||     3
   Stab: Sleeping          |     3 |       ||     3
 Armour: Leather armour    |    49 |    55 ||   104
  Dodge: Dodged            |    75 |    73 ||   148
